 Dungeon Crawl Stone Soup version 0.30.1-11-g7821555f0a (webtiles) character file.

Game seed: 5464558775549312294

9 Skitler the Chopper (level 2, 0/22 HPs)
             Began as a Demonspawn Gladiator on Jan 9, 2024.
             Slain by a giant cockroach (2 damage)
             ... on level 1 of the Dungeon.
             The game lasted 00:00:35 (192 turns).

Skitler the Chopper (Demonspawn Gladiator)           Turns: 192, Time: 00:00:36

Health: 0/22       AC:  4    Str: 14    XL:     2   Next: 3%
Magic:  2/2        EV: 12    Int:  9    God:
Gold:   13         SH:  0    Dex: 14    Spells: 1/1 levels left

rFire   . . .        a - +0 war axe
rCold   . . .        (no shield)
rNeg    . . .        b - +0 leather armour
rPois   .            c - +0 helmet
rElec   .            (no cloak)
rCorr   .            (no gloves)
SInv    .            (no boots)
Will    .....        (no amulet)
Stlth   +            (no ring)
HPRegen 0.23/turn    (no ring)
MPRegen 0.08/turn

%: no passive effects
@: no status effects
A: claws 1
a: no special abilities


You were on level 1 of the Dungeon.
You visited 1 branch of the dungeon, and saw 1 of its levels.

You collected 13 gold pieces.

Inventory:

Hand Weapons
 a - a +0 war axe (weapon)
Missiles
 d - 3 throwing nets (quivered)
 e - a javelin
Armour
 b - a +0 leather armour (worn)
 c - a +0 helmet (worn)


   Skills:
 * Level 2.2 Fighting
 * Level 3.1 Axes
 + Level 1.7 Throwing
 + Level 2.7 Dodging


You had one spell level left.
You didn't know any spells.
Your spell library was empty.

Dungeon Overview and Level Annotations

Branches:
Dungeon (1/15)

Altars:


Innate Abilities, Weirdness & Mutations

You have sharp fingernails.


Message History

The bat hits you but does no damage. The giant cockroach closely misses you.
The bat hits you.
* * * LOW HITPOINT WARNING * * *
The giant cockroach closely misses you. The giant cockroach barely misses you.
The bat misses you.
The giant cockroach completely misses you.
The bat hits you but does no damage. The giant cockroach barely misses you.
The giant cockroach bites you but does no damage.
The bat misses you.
The giant cockroach bites you but does no damage.
The bat barely misses you. The giant cockroach closely misses you.
The giant cockroach misses you. The bat misses you.
The giant cockroach misses you.
The giant cockroach bites you but does no damage.
The bat hits you but does no damage. The giant cockroach closely misses you.
The bat hits you but does no damage. The giant cockroach barely misses you.
The bat misses you. The giant cockroach barely misses you.
The giant cockroach bites you but does no damage.
The bat hits you.
* * * LOW HITPOINT WARNING * * *
The giant cockroach bites you.
* * * LOW HITPOINT WARNING * * *
The bat hits you.
* * * LOW HITPOINT WARNING * * *
The giant cockroach closely misses you.
The giant cockroach bites you but does no damage.
The bat hits you but does no damage. x2; The giant cockroach bites you.
* * * LOW HITPOINT WARNING * * *
The bat closely misses you.
The giant cockroach completely misses you.
The giant cockroach bites you but does no damage.
The bat closely misses you.
The giant cockroach bites you but does no damage.
The bat hits you.
* * * LOW HITPOINT WARNING * * *
The giant cockroach closely misses you. The giant cockroach bites you.
* * * LOW HITPOINT WARNING * * *
The bat misses you. The giant cockroach bites you.
You die...

#### ... #.##
###...#
#########...###
######.....[.......#
.......########.####
#####..# #....#
...##..# ##@###
##.##..# #B..#
##.##..# ##b##
.......### ..
.........> #..
##.##.### ##. #.##..
## #.# #.#


You could see a giant cockroach and a bat.

Vanquished Creatures
  A bat (D:1)
  A giant cockroach (D:1)
  A hobgoblin (D:1)
  3 jackals (D:1)
  A frilled lizard (D:1)
7 creatures vanquished.

Notes
Turn   | Place    | Note
-------+----------+-------------------------------------------
     0 | D:1      | Skitler the Demonspawn Gladiator began the quest for the
                  | Orb.
     0 | D:1      | Reached XP level 1. HP: 16/16 MP: 1/1
    67 | D:1      | Reached skill level 3 in Axes
   101 | D:1      | Gained mutation: You have sharp fingernails. [demonic
                  | ancestry]
   101 | D:1      | Reached XP level 2. HP: 22/22 MP: 2/2
   192 | D:1      | Slain by a giant cockroach

Illustrated notes

Levels and vault maps discovered:
D:1:      psy_arrival_statuary, layout_loops_ring,
          shapermc_ecumenical_altar_totnotflames, minmay_worlds_worst_comb

Skill      XL: |  1 |
---------------+----+-----
Axes           | 3 |  3.1
Fighting       | |  2.2
Throwing       | |  1.7
Dodging        | |  2.7

Action                     || total
---------------------------++-------
  Melee: War axe           ||    25
 Armour: Leather armour    ||    61
  Dodge: Dodged            ||   149
